 Dungeon Crawl Stone Soup version 0.29.1-15-g9cfb28693d (webtiles) character file.

Game seed: 8950251232408347750

198 Herex the Cudgeller (level 5, 0/46 HPs)
             Began as a Draconian Berserker on Apr 28, 2023.
             Was a Priest of Trog.
             Slain by a river rat (3 damage)
             ... in a sewer.
             The game lasted 00:08:24 (3643 turns).

Herex the Cudgeller (Draconian Berserker)           Turns: 3643, Time: 00:08:25

Health: 0/46       AC:  5    Str: 21    XL:     5   Next: 47%
Magic:  5/5        EV: 12    Int:  8    God:    Trog [***...]
Gold:   143        SH:  5    Dex: 10    Spells: 4/4 levels left

rFire   . . .      SeeInvis .   d - +0 whip
rCold   . . .      Faith    .   (no shield)
rNeg    . . .      Spirit   .   (body armour unavailable)
rPois   +          Reflect  +   (helmet restricted)
rElec   .          Harm     .   (no cloak)
rCorr   .          Rampage  .   (no gloves)
Will    .....                   (no boots)
Stlth   +.........              p - amulet of reflection
HPRegen 0.15/turn               j - ring of flight
MPRegen 0.09/turn               y - ring of poison resistance

@: flying, slowed, very slow
A: AC +5, unfitting armour, cold-blooded
a: Renounce Religion, Berserk, Trog's Hand


You were in a sewer.
You worshipped Trog.
Trog was most pleased with you.
You visited 1 branch of the dungeon, and saw 4 of its levels.
You also visited: Sewer.

You collected 143 gold pieces.

Inventory:

Hand Weapons
 a - a +0 mace
 d - a +0 whip (weapon)
 x - a +1 hand axe of freezing
Jewellery
 j - a ring of flight (left hand)
 p - an amulet of reflection (around neck)
 s - an amulet of regeneration
 u - a ring of positive energy
 y - a ring of poison resistance (right hand)
Scrolls
 c - a scroll of vulnerability {unknown}
 e - 2 scrolls of fear {unknown}
 g - a scroll of magic mapping {unknown}
 i - 2 scrolls of immolation {unknown}
 l - a scroll of fog {unknown}
 r - a scroll of identify {unknown}
 t - a scroll of amnesia {unknown}
 v - a scroll of enchant armour {unknown}
 w - a scroll of noise {unknown}
 z - 2 scrolls of enchant weapon {unknown}
Potions
 b - 2 potions of curing {unknown}
 f - 2 potions of heal wounds {unknown}
 h - 4 potions of brilliance {unknown}
 k - a potion of lignification {unknown}
 m - a potion of cancellation {unknown}
 n - a potion of might {unknown}
 o - a potion of degeneration {unknown}
 q - a potion of flight {unknown}
 A - a potion of magic {unknown}
 B - a potion of haste {unknown}


   Skills:
 + Level 3.9 Fighting
 * Level 5.2 Maces & Flails
 + Level 3.3 Dodging
 + Level 1.1 Stealth
 + Level 0.3 Shields


You had 4 spell levels left.
You didn't know any spells.
Your spell library was empty.

Dungeon Overview and Level Annotations

Branches:
Dungeon (4/15)              Sewer (1/1)
 Temple: D:4-7

Altars:
Cheibriados


Innate Abilities, Weirdness & Mutations

Your plain brown scales are hard. (AC +5)
You cannot fit into any form of body armour.
You are cold-blooded and may be slowed by cold attacks.


Message History

The endoplasm splashes around in the water.
You closely miss the river rat.
The river rat is heavily wounded.
The river rat bites you. You block the endoplasm's attack.
The river rat misses you.
You hit the river rat but do no damage.
You tail-slap the river rat, but do no damage.
The river rat is heavily wounded.
The endoplasm freezes you.
You are frozen.
You feel as though you will be slow longer.
The river rat bites you. The endoplasm freezes you.
You are frozen.
You feel as though you will be slow longer.
You are too injured to fight recklessly!
You are too injured to fight recklessly!
You are too injured to fight recklessly!
You are too injured to fight recklessly!
You are too injured to fight recklessly!
You are too injured to fight recklessly!
You are too injured to fight recklessly!
You hit the river rat.
You tail-slap the river rat, but do no damage.
The river rat is heavily wounded.
The river rat closely misses you. The endoplasm freezes you.
You are frozen.
You feel as though you will be slow longer.
You hit the endoplasm but do no damage. The river rat bites you.
* * * LOW HITPOINT WARNING * * *
The endoplasm splashes around in the water.
You whack the endoplasm!
You kill the endoplasm!
Trog accepts your kill. The river rat bites you!
* * * LOW HITPOINT WARNING * * *
The river rat barely misses you. The river rat bites you.
You die...

####~~...~##
##.~~.~##
###....~##..#
##.~..#
#...~~~###~.#
~~~.~.# #_.~~.~#
#~.~# ~.~~.~..#
#).....#
##∩~.~~...~#.~~#
#####÷.##
##.~~~#~..##~~~~
#.÷~## #####..##
#~~.
#.~~.#######~..#
###.~.~.#~.@.~#
##..~~.~~r.##
###~.~.~###
##.!?## #####


You could see a river rat.

Vanquished Creatures
  2 jellies (Sewer)
  5 adders
  2 worms
  A dart slug (D:3)
  5 orcs (D:3)
  12 endoplasms
  5 giant cockroaches (D:1)
  5 hobgoblins
  2 jackals (D:1)
  9 kobolds
  A quokka (D:3)
  8 ball pythons
  5 bats
  3 frilled lizards
  6 goblins
  5 rats
76 creatures vanquished.

Notes
Turn   | Place    | Note
-------+----------+-------------------------------------------
     0 | D:1      | Herex the Draconian Berserker began the quest for the Orb.
     0 | D:1      | Reached XP level 1. HP: 19/19 MP: 1/1
   242 | D:1      | Reached XP level 2. HP: 25/26 MP: 2/2
   489 | D:1      | Found a faded altar of an unknown god.
   858 | D:1      | Reached XP level 3. HP: 28/33 MP: 3/3
  1725 | D:2      | Reached ** piety under Trog
  1726 | D:2      | Reached skill level 4 in Maces & Flails
  2284 | D:3      | Reached XP level 4. HP: 39/40 MP: 4/4
  2725 | D:3      | Found a snail-covered altar of Cheibriados.
  3071 | D:4      | Found a glowing drain.
  3099 | Sewer    | Entered a sewer
  3378 | Sewer    | Found a viscous altar of Jiyva.
  3387 | Sewer    | Reached skill level 1 in Stealth
  3387 | Sewer    | Reached XP level 5. HP: 27/46 MP: 5/5
  3388 | Sewer    | Reached skill level 5 in Maces & Flails
  3398 | Sewer    | Reached *** piety under Trog
  3643 | Sewer    | Slain by a river rat

Illustrated notes

Levels and vault maps discovered:
D:1:      mrwooster_arrival_statue_2, layout_basic,
          dreamdust_ecumenical_altar_sealed_demon
D:2:      layout_basic
D:3:      layout_loops_ring, cheibriados_altar_1, minmay_pentangle
D:4:      layout_loops_ring, mainiacjoe_overflow_concentric_impassable,
          minmay_temple_entry_fiery, serial_shops, nicolae_lakefront_shop,
          cheibrodos_sewer_entry_sluice
Sewer:    sewer_hellmonk_slimy_pipes

Skill      XL: |  1  2  3  4  5 |
---------------+----------------+-----
Dodging        | 3 |  3.3
Maces & Flails | 4 5 |  5.2
Stealth        | 1 |  1.1
Fighting       | |  3.9
Shields        | |  0.3

Action                   |  1- 3 |  4- 6 || total
-------------------------+-------+-------++-------
Melee: Mace              |    31 |       ||    31
       Tailslap          |    12 |    17 ||    29
       Whip              |    96 |   116 ||   212
       Punch             |       |     1 ||     1
Invok: Berserk           |       |     2 ||     2
       Trog's Hand       |       |     1 ||     1
 Stab: Sleeping          |     2 |     1 ||     3
Armor: Skin              |    35 |    18 ||    53
Dodge: Dodged            |    64 |    66 ||   130
Block: Other             |       |    22 ||    22
